 Dungeon Crawl Stone Soup version 0.30-a0-390-g80c34de65d (webtiles) character file.

Game seed: 17889922294723460869

100 pokeman the Magician (level 4, 0/25 HPs)
             Began as a Deep Elf Hedge Wizard on Dec 4, 2022.
             Slain by a phantom (5 damage)
             ... on level 4 of the Dungeon.
             The game lasted 00:04:02 (3137 turns).

pokeman the Magician (Deep Elf Hedge Wizard)        Turns: 3137, Time: 00:04:02

Health: 0/25       AC:  3    Str:  7    XL:     4   Next: 47%
Magic:  2/13       EV: 12    Int: 21    God:
Gold:   178        SH:  0    Dex: 20    Spells: 6/14 levels left

rFire   . . .      SeeInvis .    b - +0 falchion (freeze)
rCold   . . .      Faith    .    (no shield)
rNeg    . . .      Spirit   .    s - +0 leather armour
rPois   .          Reflect  .    c - +0 hat
rElec   .          Harm     .    (no cloak)
rCorr   +          Rampage  .    (no gloves)
Will    .....                    (no boots)
Stlth   ++........               (no amulet)
HPRegen 0.24/turn                e - ring of resist corrosion
MPRegen 0.13/turn                a - +6 ring of dexterity

@: very slightly contaminated
A: no striking features
a: no special abilities


You were on level 4 of the Dungeon.
You visited 1 branch of the dungeon, and saw 4 of its levels.

You collected 178 gold pieces.

Inventory:

Hand Weapons
 b - a +0 falchion of freezing (weapon)
Armour
 c - a +0 hat (worn)
 s - a +0 leather armour (worn)
Jewellery
 a - a +6 ring of dexterity (right hand)
 e - a ring of resist corrosion (left hand)
Scrolls
 g - a scroll of torment {unknown}
 h - 2 scrolls of amnesia {unknown}
 j - a scroll of identify {unknown}
 m - 5 scrolls of blinking {unknown}
 n - a scroll of vulnerability {unknown}
 p - a scroll of butterflies {unknown}
 r - 2 scrolls of fear {unknown}
 t - a scroll of teleportation {unknown}
Potions
 d - a potion of magic
 f - a potion of heal wounds {unknown}
 i - 3 potions of attraction {unknown}
 k - a potion of degeneration {unknown}
 l - a potion of invisibility {unknown}
 o - a potion of berserk rage {unknown}
 q - a potion of brilliance {unknown}
 u - 2 potions of might {unknown}


   Skills:
 - Level 1.0 Fighting
 - Level 1.0 Armour
 + Level 2.8 Dodging
 + Level 2.8 Stealth
 * Level 5.7 Spellcasting
 + Level 2.2 Conjurations
 - Level 1.1 Summonings
 - Level 1.1 Translocations


You had 6 spell levels left.
You knew the following spells:

 Your Spells              Type           Power      Damage    Failure   Level
a - Magic Dart            Conj           60%        1d6       6%          1
b - Mephitic Cloud        Conj/Pois/Air  9%         N/A       32%         3
c - Call Imp              Summ           10%        N/A       14%         2
d - Blink                 Tloc           20%        N/A       14%         2

Your spell library contained the following spells:

 Spells                   Type           Power      Damage    Failure   Level
 Momentum Strike          Conj/Tloc      26%        3d8       11%         2
 Slow                     Hex            24%        N/A       14%         1
 Cigotuvi's Dreadful Rot  Necr/Pois/Air  12%        N/A       22%         2
 Lesser Beckoning         Tloc           20%        N/A       28%         3


Dungeon Overview and Level Annotations

Branches:
Dungeon (4/15)
 Temple: D:4-7

Altars:


Message History

Press: ? - help, Shift-Dir - straight line, f/p - phantom
Aim: a phantom (heavily damaged, 100% to hit)
The magic dart hits the phantom.
The phantom is severely damaged.
The phantom hits you.
* * * LOW HITPOINT WARNING * * *
Casting: Magic Dart (safe; 6% risk of failure)
Confirm with . or Enter, or press ? or * to list all spells.
Aiming: Magic Dart (safe; 6% risk of failure)
Press: ? - help, Shift-Dir - straight line, f/p - phantom
Aim: a phantom (severely damaged, 100% to hit)
The magic dart hits the phantom.
The phantom is almost destroyed.
The phantom barely misses you.
Unknown command.
Casting: Magic Dart (safe; 6% risk of failure)
Confirm with . or Enter, or press ? or * to list all spells.
Aiming: Magic Dart (safe; 6% risk of failure)
Press: ? - help, Shift-Dir - straight line, f/p - phantom
Aim: a phantom (almost destroyed, 100% to hit)
The magic dart hits the phantom.
The phantom is almost destroyed.
The phantom closely misses you.
Unknown command.
Casting: Magic Dart (safe; 6% risk of failure)
Confirm with . or Enter, or press ? or * to list all spells.
Aiming: Magic Dart (safe; 6% risk of failure)
Press: ? - help, Shift-Dir - straight line, f/p - phantom
Aim: a phantom (almost destroyed, 100% to hit)
You miscast Magic Dart.
You are very lightly contaminated with residual magic.
Nothing appears to happen.
The phantom misses you.
Unknown command.
Casting: Magic Dart (safe; 6% risk of failure)
Confirm with . or Enter, or press ? or * to list all spells.
Aiming: Magic Dart (safe; 6% risk of failure)
Press: ? - help, Shift-Dir - straight line, f/p - phantom
Aim: a phantom (almost destroyed, 100% to hit)
You miscast Magic Dart.
Nothing appears to happen.
The phantom hits you.
You die...

# #.
+.######
#......#
#+##......#
#......@W.#
...##.....#
#.....#
##.#### #!#
#.# ###.#
#...# #.###


You could see a phantom.

Vanquished Creatures
  6 adders
  A worm (D:2)
  A dart slug (D:1)
  2 orcs (D:3)
  An endoplasm (D:2)
  4 giant cockroaches
  3 hobgoblins
  2 kobolds (D:1)
  2 quokkas
  2 ball pythons
  4 bats
  A frilled lizard (D:1)
  5 goblins
  2 rats (D:3)
36 creatures vanquished.

Vanquished Creatures (collateral kills)
  2 orcs (D:3)
2 creatures vanquished.

Grand Total: 38 creatures vanquished

Notes
Turn   | Place    | Note
-------+----------+-------------------------------------------
     0 | D:1      | pokeman the Deep Elf Hedge Wizard began the quest for the
                  | Orb.
     0 | D:1      | Reached XP level 1. HP: 10/10 MP: 7/7
   290 | D:1      | Reached XP level 2. HP: 15/15 MP: 6/9
   826 | D:1      | Found a faded altar of an unknown god.
  1275 | D:2      | Reached skill level 5 in Spellcasting
  1701 | D:2      | Reached XP level 3. HP: 20/20 MP: 5/11
  1705 | D:2      | Learned a level 3 spell: Mephitic Cloud
  1708 | D:2      | Learned a level 2 spell: Call Imp
  1711 | D:2      | Learned a level 2 spell: Blink
  1823 | D:2      | Reached skill level 1 in Armour
  1999 | D:3      | Reached skill level 1 in Fighting
  2314 | D:3      | Reached XP level 4. HP: 25/25 MP: 7/13
  3124 | D:4      | Noticed a phantom
  3137 | D:4      | Slain by a phantom

Illustrated notes

Levels and vault maps discovered:
D:1:      lemuel_arrival_river_ford, layout_loops_cross,
          shapermc_ecumenical_altar_pompeii, nrook_mini_backslash,
          serial_bayou_crossing
D:2:      layout_basic, hex_intersection
D:3:      layout_loops_ring, serial_glass, glass_columns_a, glass_columns_a
D:4:      layout_basic, nicolae_overflow_hidden_temple,
          lemuel_mausoleum_altar_yredelemnul, nicolae_shop_fire_sale
          [nicolae_sub_dead_trees], st_stairs_7

Skill      XL: |  1  2  3 |
---------------+----------+-----
Spellcasting   | 5 |  5.7
Armour         | 1 |  1.0
Fighting       | 1 |  1.0
Conjurations   | 2 |  2.2
Dodging        | |  2.8
Stealth        | |  2.8
Summonings     | |  1.1
Translocations | |  1.1

Action                   |  1- 3 |  4- 6 || total
-------------------------+-------+-------++-------
Melee: Dagger            |     4 |       ||     4
 Cast: Magic Dart        |    87 |    36 ||   123
       Call Imp          |     1 |       ||     1
Armor: Leather armour    |     1 |       ||     1
Dodge: Dodged            |    11 |     9 ||    20

Table legend: (Time is in decaauts)
 A = Elapsed time spent in this place.
 B = Non-inter-level travel time spent in this place.
 C = Inter-level travel time spent in this place.
 D = Time resting spent in this place.
 E = Time spent auto-exploring this place.
 F = Levels seen in this place.
 G = Mean time per level.
                   A        B        C        D        E       F      G
               +--------+--------+--------+--------+--------+-----+--------+
         Total |   3154 |   2986 |    168 |    100 |   2610 |   4 |  788.5 |
       Dungeon |   3154 |   2986 |    168 |    100 |   2610 |   4 |  788.5 |
               +--------+--------+--------+--------+--------+-----+--------+

Top non-repeatable levels by time:
     D:1: 1163 daAuts
     D:3: 1115 daAuts
     D:2: 766 daAuts
     D:4: 108 daAuts
